 Dungeon Crawl Stone Soup version 0.29.0-13-gc9e81de378 (webtiles) character file.

Game seed: 9297031620049346624

0 keekatzer the Caller (level 1, 0/14 HPs)
             Began as a Ghoul Summoner on Sept 9, 2022.
             Slain by a hobgoblin (4 damage)
             ... on level 1 of the Dungeon.
             The game lasted 00:00:36 (95 turns).

keekatzer the Caller (Ghoul Summoner)                 Turns: 95, Time: 00:00:37

Health: 0/14       AC:  2    Str: 11    XL:     1   Next: 10%
Magic:  0/2        EV: 12    Int: 10    God:
Gold:   5          SH:  0    Dex:  9    Spells: 2/3 levels left

rFire   . . .      SeeInvis .   (no weapon)
rCold   + . .      Faith    .   (no shield)
rNeg    + + +      Spirit   .   a - +0 robe
rPois   ∞          Reflect  .   (no helmet)
rElec   .          Harm     .   (no cloak)
rCorr   .          Rampage  .   (no gloves)
Will    .....                   (no boots)
Stlth   ++........              (no amulet)
HPRegen 0.00/turn               (no ring)
MPRegen 0.08/turn               (no ring)

@: inhibited regen
A: claws 1, cold resistance 1, negative energy resistance 3, inhibited
regeneration, torment resistance 2, devour on kill
a: no special abilities


You were on level 1 of the Dungeon.
You visited 1 branch of the dungeon, and saw 1 of its levels.

You collected 5 gold pieces.

Inventory:

Armour
 a - a +0 robe (worn)
Potions
 b - a potion of magic


   Skills:
 + Level 0.2 Fighting
 - Level 1.7 Dodging
 - Level 2.1 Stealth
 - Level 1.7 Spellcasting
 - Level 3.6 Summonings


You had 2 spell levels left.
You knew the following spells:

 Your Spells              Type           Power      Damage    Failure   Level
a - Summon Small Mammal   Summ           32%        N/A       8%          1

Your spell library contained the following spells:

 Spells                   Type           Power      Damage    Failure   Level
 Call Imp                 Summ           8%         N/A       11%         2
 Call Canine Familiar     Summ           8%         N/A       22%         3
 Summon Guardian Golem    Hex/Summ       4%         N/A       43%         3
 Summon Lightning Spire   Summ/Air       4%         N/A       83%         4


Dungeon Overview and Level Annotations

Branches:
Dungeon (1/15)

Altars:


Innate Abilities, Weirdness & Mutations

You are immune to poison.
You have sharp fingernails.
Your flesh is cold resistant. (rC+)
You are immune to negative energy. (rN+++)
You do not regenerate when monsters are visible.
You are immune to unholy pain and torment.
You thrive by killing the living.


Message History

There is a large open door here.
There is a large open door here.
Found 5 gold pieces.
A bat comes into view.
You see here 5 gold pieces.
The bat closely misses you.
Casting: Summon Small Mammal (safe; 8% risk of failure)
Confirm with . or Enter, or press ? or * to list all spells.
The bat barely misses you. The bat closely misses you. The bat misses you.
You see here 5 gold pieces.
You now have 5 gold pieces.
The bat hits you but does no damage. The bat misses you.
You barely miss the bat. The bat barely misses you. The bat barely misses you.
Your rat misses the bat. The bat misses you.
Your rat barely misses the bat.
The bat barely misses you.
You closely miss the bat. The bat completely misses you.
Your rat closely misses the bat.
The bat completely misses you.
Your rat bites the bat.
The bat dies!
Your rat disappears in a puff of smoke! 2 hobgoblins come into view.
The hobgoblin shouts!
You hear an angry hiss.
The hobgoblin moves out of view.
The hobgoblin shouts!
Casting: Summon Small Mammal (safe; 8% risk of failure)
Confirm with . or Enter, or press ? or * to list all spells.
The hobgoblin hits you.
Casting: Summon Small Mammal (safe; 8% risk of failure)
Confirm with . or Enter, or press ? or * to list all spells.
The hobgoblin hits you. The hobgoblin barely misses you.
You closely miss the hobgoblin.
Your rat bites the hobgoblin. x2
The hobgoblin hits you.
* * * LOW HITPOINT WARNING * * *
The hobgoblin misses you.
You barely miss the hobgoblin. You claw the hobgoblin.
The hobgoblin is moderately wounded.
Your rat barely misses the hobgoblin. x2; The hobgoblin closely misses you.
The hobgoblin hits you.
You die...

#..# #.# ##.#
#.# # #.# #.#
#.##.####.#
#####
#.........#
......
####.######
.....r#####.#
......g.....#
......g@....#
......r######
.......
.......
.......
.....#.
..#+##. .. #.


You could see 2 hobgoblins and 2 friendly rats.

Vanquished Creatures (collateral kills)
  A bat (D:1)
1 creature vanquished.

Notes
Turn   | Place    | Note
-------+----------+-------------------------------------------
     0 | D:1      | keekatzer the Ghoul Summoner began the quest for the Orb.
     0 | D:1      | Reached XP level 1. HP: 14/14 MP: 2/2
    95 | D:1      | Slain by a hobgoblin

Illustrated notes

Levels and vault maps discovered:
D:1:      saegor_arrival_simple_e, layout_basic

Action                   || total
-------------------------++-------
Melee: Unarmed           ||     4
       Punch             ||     1
 Cast: Summon Small Mamm ||     3
Armor: Robe              ||     1
Dodge: Dodged            ||    14
